AoeStats
← 2228575683

Pilgrims

509102016Analyzed
4v4 RM · 6d ago on Sep 25, 2026· 54m 55s· 8 players
Game mode
Random Map
Map size
Large (8 player)
Population
200
Speed
Normal
Resources
Standard
Victory
Conquest
Starting age
Dark Age
Ending age
Imperial Age
RankedLock teamsTeams togetherTeam positionsShared explorationLock speedFull tech treeHidden civsTurbo modeCheats
Victory
Defeat
🇨🇳 Goths · China
891
+10
🇨🇳 Teutons · China
890
+10
🇨🇳 Magyars · China
889
+10
🇧🇪 Saxons · Belgium
846
+12
🇹🇼 Japanese · Taiwan
788
-11
🇨🇿 Bohemians · Czechia
775
-11
🇩🇰 Danes · Denmark
758
-11
🇹🇼 Varangians · Taiwan
702
-9
不動游星
10:22 Feudal Age
10:28 Man-at-Arms
12:04 Man-at-Arms
18:08 Castle Age
19:39 Stone Mining
20:19 Long Swordsman
41:06 Pikeman
44:44 Imperial Age
42:17 Double-Bit Axe
paveles_czk
12:00 Feudal Age
12:49 Man-at-Arms
13:59 Double-Bit Axe
19:40 Fishing Lines
21:07 Fletching
21:30 Forging
22:27 Horse Collar
25:59 Castle Age
24:08 Padded Archer Armor
25:53 Wheelbarrow
27:15 Crossbowman
27:47 Long Swordsman
29:11 Bodkin Arrow
32:38 Chemistry
33:49 Gillnets
34:14 Heavy Plow
35:50 Leather Archer Armor
40:06 Masonry
42:10 Elite Skirmisher
53:11 Imperial Age
烏鴉
10:13 Feudal Age
8:31 Loom
11:39 Double-Bit Axe
11:40 Man-at-Arms
13:32 Wheelbarrow
15:08 Horse Collar
21:27 Castle Age
19:35 Scale Mail Armor
19:45 Forging
22:29 Medium Warships
22:45 Heavy Plow
23:03 Chain Mail Armor
23:24 Iron Casting
22:56 Scale Barding Armor
23:14 Chain Mail Armor
26:28 Hand Cart
26:28 Bow Saw
28:46 Gold Mining
28:47 Stone Mining
30:55 Fletching
32:08 Murder Holes
34:01 Bodkin Arrow
34:09 Town Watch
39:31 Imperial Age
44:27 Scale Barding Armor
47:18 Husbandry
48:57 Town Patrol
49:37 Stone Shaft Mining
51:07 Chain Barding Armor
53:35 Treadmill Crane
54:16 Ballistics
BlacKHazE.
8:50 Loom
15:47 Feudal Age
16:42 Arson
16:18 Man-at-Arms
19:34 Fishing Lines
25:06 Castle Age
35:57 Hamask
41:29 Gillnets
47:31 Double-Bit Axe
49:32 Wheelbarrow
49:44 Bow Saw
WinterVison
10:50 Feudal Age
11:34 Loom
18:54 Castle Age
17:57 Scale Mail Armor
18:07 Forging
23:10 Gambesons
23:27 Squires
27:29 Chain Mail Armor
33:57 Iron Casting
33:14 Fletching
33:24 Padded Archer Armor
35:44 Bodkin Arrow
42:14 Imperial Age
45:11 Conscription
45:37 Leather Archer Armor
48:24 Elite Hearth Troop
48:28 Shield Wall
51:38 Elite Varangian Guard
54:33 Wheelbarrow
2228575683
4:58 Loom
14:18 Feudal Age
17:02 Fishing Lines
24:05 Castle Age
23:08 Double-Bit Axe
25:38 Husbandry
25:48 Bloodlines
27:37 Gold Mining
28:25 Corvinian Army
29:05 Gold Shaft Mining
29:36 Scale Barding Armor
32:35 Stone Mining
45:21 Imperial Age
43:57 Medium Warships
44:27 Horse Collar
45:42 Chain Barding Armor
46:42 Conscription
Light
4:15 Loom
12:22 Feudal Age
22:09 Castle Age
21:24 Scale Mail Armor
35:55 Man-at-Arms
45:39 Chain Mail Armor
49:00 Double-Bit Axe
54:18 Fletching
PariBlack
3:51 Loom
12:01 Feudal Age
18:41 Castle Age
16:44 Man-at-Arms
27:00 Gold Mining
26:56 Horse Collar
29:29 Fletching
33:55 Masonry
38:04 Imperial Age
37:58 Forging
37:50 Scale Mail Armor
37:29 Pikeman
40:17 Iron Casting
41:21 Chemistry
44:18 Siege Engineers
45:21 Ironclad
45:29 Halberdier
47:09 Squires
49:15 Chain Mail Armor
50:08 Arson
Connection lost

Rejoining the realm…

Still unreachable

The connection could not be restored.

Session expired

The server has moved on; the page needs a fresh start.